Blue Jackets vs Stars
Created - 20 mars 2013 at 23:33
Goals
|
| Blue Jackets |
1 |
1 |
0 |
2 |
| Stars |
1 |
1 |
2 |
4 |
|
Shots
|
| Blue Jackets |
8 |
12 |
4 |
24 |
| Stars |
14 |
11 |
9 |
34 |
|
1st period
1. Blue Jackets , Daymond Langkow 13 (David Booth, Jaroslav Halak) at 12:36
2. Stars , Alexei Kovalev 15 (Johnny Oduya, Mathieu Schneider) at 14:13
Penalties :
Andrew Ebbett (Clb) for Holding (Minor) at 7:08, Branislav Mezei (Dal) for Roughing (Minor) at 15:31, Daymond Langkow (Clb) for Holding Stick (Minor) at 15:31
2nd period
3. Blue Jackets , Daymond Langkow 14 (Wade Redden, Glen Murray) at 11:09
4. Stars , Mike Modano 20 (Patrik Elias, Alexei Kovalev) at 13:16
Penalties :
Daymond Langkow (Clb) for Roughing (Minor) at 14:04, Glen Murray (Clb) for Interference (Minor) at 18:41
3rd period
5. Stars , Mike Modano 21 (Patrik Elias, Alexei Kovalev) at 0:28 (PP)
6. Stars , Jan Hlavac 9 (Randy Jones) at 13:46
Penalties :
Greg Campbell (Clb) for Slashing (Minor) at 1:12
Goalie Stats
Jaroslav Halak (Clb), 30 saves from 34 shots - (0,882), L, 13-13-5, 60:00 minutes
Miika Kiprusoff (Dal), 22 saves from 24 shots - (0,917), W, 19-24-3, 60:00 minutes
Players Stats for Blue Jackets
Player Name G A P +/- PIM S H SB GA TA FO MP PP MP PK MP
------------------------------------------------------------------------------------
Ales Kotalik 0 0 0 0 0 0 1 1 0 1 0/1 15:06 0:00 0:00
Andrew Ebbett 0 0 0 1 2 0 1 0 0 0 0/7 16:34 0:00 1:12
Brad Stuart 0 0 0 -1 0 0 0 1 0 1 0/0 19:10 0:00 3:12
David Booth 0 1 1 -1 0 5 2 0 0 0 1/1 20:31 0:00 2:58
Daymond Langkow 2 0 2 -1 4 4 3 1 0 0 10/24 18:51 0:00 1:28
Derek Morris 0 0 0 0 0 2 0 0 0 1 0/0 12:15 0:00 0:00
Glen Murray 0 1 1 -2 2 2 2 2 0 1 2/6 23:12 0:00 3:00
Greg Campbell 0 0 0 0 2 4 0 0 0 0 7/11 12:53 0:00 0:00
Jamal Mayers 0 0 0 1 0 1 1 0 0 0 0/0 18:38 0:00 4:07
Jason Ward 0 0 0 -1 0 0 0 0 0 0 0/0 8:03 0:00 0:00
Kevin Bieksa 0 0 0 -1 0 0 0 1 0 1 0/0 19:24 0:00 3:12
Kristian Huselius 0 0 0 1 0 2 4 0 0 1 0/0 14:55 0:00 0:17
Ladislav Nagy 0 0 0 0 0 3 1 0 0 1 0/2 16:11 0:00 2:26
Marek Zidlicky 0 0 0 0 0 1 2 0 1 1 0/0 24:21 0:00 4:27
Michael Frolik 0 0 0 -1 0 0 0 0 0 0 0/0 5:18 0:00 0:00
Shaone Morrisonn 0 0 0 0 0 0 0 1 0 0 0/0 4:37 0:00 0:05
Trevor Daley 0 0 0 0 0 0 4 1 0 1 0/0 12:02 0:00 0:05
Wade Redden 0 1 1 0 0 0 0 1 0 0 0/0 28:11 0:00 4:27
Players Stats for Stars
Player Name G A P +/- PIM S H SB GA TA FO MP PP MP PK MP
------------------------------------------------------------------------------------
Alexei Kovalev 1 2 3 2 0 4 0 1 0 0 1/1 19:16 3:24 0:00
Branislav Mezei 0 0 0 0 2 1 1 1 0 0 0/0 18:29 3:30 0:00
Brendan Bell 0 0 0 1 0 0 1 1 0 1 0/0 18:14 3:30 0:00
Cory Stillman 0 0 0 -1 0 1 2 0 1 0 1/1 19:50 4:11 0:00
David Legwand 0 0 0 -1 0 4 5 0 0 0 11/21 20:18 4:11 0:00
Evgeny Artyukhin 0 0 0 -1 0 1 1 0 0 0 0/0 10:12 0:09 0:00
Filip Novak 0 0 0 0 0 0 1 2 0 0 0/0 15:32 0:00 0:00
Glen Metropolit 0 0 0 1 0 1 1 0 0 0 1/1 8:50 0:00 0:00
Jan Hlavac 1 0 1 1 0 3 0 0 0 0 0/0 9:42 0:09 0:00
Johnny Oduya 0 1 1 0 0 4 1 1 3 0 0/0 27:10 4:14 0:00
Marcus Nilson 0 0 0 -1 0 0 2 0 1 0 1/1 9:15 0:00 0:00
Mark Parrish 0 0 0 1 0 2 1 0 0 0 0/0 8:41 0:00 0:00
Mathieu Schneider 0 1 1 0 0 3 1 1 2 0 0/0 27:09 4:14 0:00
Mike Modano 2 0 2 2 0 6 3 1 1 0 15/22 20:28 3:24 0:00
Nathan Horton 0 0 0 -1 0 1 1 0 0 0 0/1 19:11 4:11 0:00
Patrik Elias 0 2 2 2 0 3 3 0 1 0 1/1 20:15 3:24 0:00
Randy Jones 0 1 1 1 0 0 1 2 0 0 0/0 14:06 0:00 0:00
Steve Rucchin 0 0 0 -1 0 0 2 1 0 0 1/3 11:22 0:09 0:00
3 Stars
1 - Mike Modano (Dal)
2 - Alexei Kovalev (Dal)
3 - Patrik Elias (Dal)
Power Play
Blue Jackets - 0 on 0 Attempt(s) - 0,00%
Stars - 1 on 4 Attempt(s) - 25,00%
Penalty Kill
Blue Jackets - 3 on 4 Attempt(s) - 75,00%
- Score 0 goal in Penalty Kill
Stars - 0 on 0 Attempt(s) - 0,00%
- Score 0 goal in Penalty Kill
Official
Referees : Walsh Ian and Hasenfratz Mike
Linesman : Tim Nowak and Pierre Racicot
Game Notes
No Game Note
Finance
Level 1 -- Attendance: 4006 (66,77%) -- Ticket Income 400 600 $
Level 2 -- Attendance: 3554 (71,08%) -- Ticket Income 213 240 $
Level 3 -- Attendance: 1327 (66,35%) -- Ticket Income 46 445 $
Level 4 -- Attendance: 3846 (96,15%) -- Ticket Income 76 920 $
Luxury Box -- Attendance: 631 (63,10%) -- Ticket Income 126 200 $
Game was played at the American Airlines Center
Total Attendance: 13364 (74,24%)
Total Ticket Income: 863 405 $
Total Income: 863 405 $
Blue Jackets
5 vs 5 Forward
Center Left Wing Right Wing Time % Phy DF OF
1 Daymond Langkow David Booth Glen Murray 40 1 2 2
2 Andrew Ebbett Kristian Huselius Jamal Mayers 30 1 2 2
3 Greg Campbell Ladislav Nagy Ales Kotalik 20 1 2 2
4 Glen Murray Michael Frolik Jason Ward 10 1 2 2
5 vs 5 Defense
Defense Defense Time % Phy DF OF
1 Wade Redden Marek Zidlicky 40 1 2 2
2 Kevin Bieksa Brad Stuart 30 1 2 2
3 Derek Morris Trevor Daley 20 1 2 2
4 Shaone Morrisonn Wade Redden 10 1 2 2
PowerPlay Forward
Center Left Wing Right Wing Time % Phy DF OF
1 Daymond Langkow David Booth Glen Murray 60 1 2 2
2 Andrew Ebbett Kristian Huselius Jamal Mayers 40 1 2 2
PowerPlay Defense
Defense Defense Time % Phy DF OF
1 Wade Redden Marek Zidlicky 60 1 2 2
2 Kevin Bieksa Brad Stuart 40 1 2 2
Penalty Kill 4 Players Forward
Center Wing Time % Phy DF OF
1 Glen Murray Jamal Mayers 60 1 2 2
2 Daymond Langkow David Booth 40 1 2 2
Penalty Kill 4 Players Defense
Defense Defense Time % Phy DF OF
1 Wade Redden Marek Zidlicky 60 1 2 2
2 Kevin Bieksa Brad Stuart 40 1 2 2
Penalty Kill - 3 Players Forward
Forward Time % Phy DF OF
1 Glen Murray 60 1 2 2
2 Jamal Mayers 40 1 2 2
Penalty Kill - 3 Players Defense
Defense Defense Time % Phy DF OF
1 Wade Redden Marek Zidlicky 60 1 2 2
2 Kevin Bieksa Brad Stuart 40 1 2 2
4 vs 4 Forward
Center Wing Time % Phy DF OF
1 Glen Murray Jamal Mayers 60 1 2 2
2 Daymond Langkow David Booth 40 1 2 2
4 vs 4 Defense
Defense Defense Time % Phy DF OF
1 Wade Redden Marek Zidlicky 60 1 2 2
2 Kevin Bieksa Brad Stuart 40 1 2 2
Last Minutes Offensive
Center Left Wing Right Wing Defense Defense
Daymond Langkow David Booth Glen Murray Wade Redden Marek Zidlicky
Last Minutes Defensive
Center Left Wing Right Wing Defense Defense
Daymond Langkow David Booth Glen Murray Wade Redden Marek Zidlicky
Goaltenders
Starting : Jaroslav Halak
Backup : Brent Johnson
Extra Forwards
Normal : Ales Kotalik, Jason Ward, Ladislav Nagy - PP : Ales Kotalik, Jason Ward - PK : Ladislav Nagy
Extra Defensemen
Normal : Derek Morris, Trevor Daley, Shaone Morrisonn - PP : Derek Morris - PK : Trevor Daley, Shaone Morrisonn
Penalty Shots
Glen Murray, Jamal Mayers, Daymond Langkow, David Booth, Kristian Huselius
Stars
5 vs 5 Forward
Center Left Wing Right Wing Time % Phy DF OF
1 David Legwand Cory Stillman Nathan Horton 40 0 1 4
2 Mike Modano Patrik Elias Alexei Kovalev 40 0 1 4
3 Steve Rucchin Marcus Nilson Evgeny Artyukhin 12 1 2 2
4 Glen Metropolit Jan Hlavac Mark Parrish 8 1 2 2
5 vs 5 Defense
Defense Defense Time % Phy DF OF
1 Mathieu Schneider Johnny Oduya 40 1 2 2
2 Branislav Mezei Filip Novak 30 1 2 2
3 Randy Jones Brendan Bell 20 1 2 2
4 Mathieu Schneider Johnny Oduya 10 1 2 2
PowerPlay Forward
Center Left Wing Right Wing Time % Phy DF OF
1 David Legwand Cory Stillman Nathan Horton 60 0 0 5
2 Mike Modano Patrik Elias Alexei Kovalev 40 0 0 5
PowerPlay Defense
Defense Defense Time % Phy DF OF
1 Mathieu Schneider Johnny Oduya 60 0 1 4
2 Branislav Mezei Brendan Bell 40 0 1 4
Penalty Kill 4 Players Forward
Center Wing Time % Phy DF OF
1 Mike Modano Cory Stillman 60 1 3 1
2 Steve Rucchin Nathan Horton 40 1 3 1
Penalty Kill 4 Players Defense
Defense Defense Time % Phy DF OF
1 Branislav Mezei Filip Novak 60 1 3 1
2 Mathieu Schneider Johnny Oduya 40 1 3 1
Penalty Kill - 3 Players Forward
Forward Time % Phy DF OF
1 Mike Modano 60 1 3 1
2 Steve Rucchin 40 1 3 1
Penalty Kill - 3 Players Defense
Defense Defense Time % Phy DF OF
1 Branislav Mezei Filip Novak 60 1 3 1
2 Mathieu Schneider Johnny Oduya 40 1 3 1
4 vs 4 Forward
Center Wing Time % Phy DF OF
1 David Legwand Patrik Elias 60 0 1 4
2 Mike Modano Cory Stillman 40 0 1 4
4 vs 4 Defense
Defense Defense Time % Phy DF OF
1 Mathieu Schneider Johnny Oduya 60 0 1 4
2 Branislav Mezei Brendan Bell 40 0 1 4
Last Minutes Offensive
Center Left Wing Right Wing Defense Defense
David Legwand Cory Stillman Nathan Horton Mathieu Schneider Johnny Oduya
Last Minutes Defensive
Center Left Wing Right Wing Defense Defense
Mike Modano Cory Stillman Nathan Horton Branislav Mezei Filip Novak
Goaltenders
Starting : Miika Kiprusoff
Backup : Chris Osgood
Extra Forwards
Normal : David Legwand, Mike Modano, Steve Rucchin - PP : Mike Modano, Steve Rucchin - PK : David Legwand
Extra Defensemen
Normal : Filip Novak, Mathieu Schneider, Branislav Mezei - PP : Brendan Bell - PK : Branislav Mezei, Brendan Bell
Penalty Shots
Mike Modano, Alexei Kovalev, Cory Stillman, Nathan Horton, Steve Rucchin
% Time on Ice - Blue Jackets
Lines # - Real PCT - Wanted PCT - Time Play
Normal Forward
1 - 34% - 40% - 16:59
2 - 30% - 30% - 15:13
3 - 26% - 20% - 12:53
4 - 10% - 10% - 5:12
Normal Defense
1 - 38% - 40% - 18:53
2 - 31% - 30% - 15:33
3 - 23% - 20% - 11:38
4 - 8% - 10% - 4:13
PP Forward
1 - 0% - 60%
2 - 0% - 40%
PP Defense
1 - 0% - 60%
2 - 0% - 40%
PK Forward
1 - 79% - 60% - 6:07
2 - 21% - 40% - 1:37
PK Defense
1 - 59% - 60% - 4:32
2 - 41% - 40% - 3:12
PK3 Forward
1 - 0% - 60%
2 - 0% - 40%
PK3 Defense
1 - 0% - 60%
2 - 0% - 40%
44 Forward
1 - 66% - 60% - 1:19
2 - 34% - 40% - 0:40
44 Defense
1 - 67% - 60% - 1:20
2 - 33% - 40% - 0:39
Last Minute Offensive - 0:00
Last Minute Defensive - 0:00
Total
Forward - 60:00
Defense - 60:00
|
% Time on Ice - Stars
Lines # - Real PCT - Wanted PCT - Time Play
Normal Forward
1 - 33% - 40% - 16:25
2 - 32% - 40% - 15:56
3 - 18% - 12% - 9:15
4 - 17% - 8% - 8:41
Normal Defense
1 - 39% - 40% - 19:50
2 - 31% - 30% - 15:28
3 - 25% - 20% - 12:49
4 - 4% - 10% - 2:10
PP Forward
1 - 56% - 60% - 4:20
2 - 44% - 40% - 3:24
PP Defense
1 - 55% - 60% - 4:14
2 - 45% - 40% - 3:30
PK Forward
1 - 0% - 60%
2 - 0% - 40%
PK Defense
1 - 0% - 60%
2 - 0% - 40%
PK3 Forward
1 - 0% - 60%
2 - 0% - 40%
PK3 Defense
1 - 0% - 60%
2 - 0% - 40%
44 Forward
1 - 73% - 60% - 1:27
2 - 27% - 40% - 0:32
44 Defense
1 - 46% - 60% - 0:55
2 - 54% - 40% - 1:04
Last Minute Offensive - 0:00
Last Minute Defensive - 0:00
Total
Forward - 60:00
Defense - 60:00
|
Play by Play
1st period
0:01 of 1st period - Daymond Langkow wins face-off versus David Legwand in neutral zone.
0:35 of 1st period - Icing by Marek Zidlicky.
0:36 of 1st period - Steve Rucchin wins face-off versus Andrew Ebbett in Blue Jackets zone.
0:49 of 1st period - Steve Rucchin is hit by Kristian Huselius and loses puck.
2:24 of 1st period - Jason Ward is hit by Mike Modano and loses puck.
2:29 of 1st period - Snap shot by Patrik Elias.
2:29 of 1st period - Deflect By Alexei Kovalev.
2:29 of 1st period - Shot Misses the Net.
2:29 of 1st period - Puck is out of play.
2:30 of 1st period - Greg Campbell wins face-off versus Mike Modano in Blue Jackets zone.
2:39 of 1st period - Slapshot by Patrik Elias.
2:39 of 1st period - Stopped by Jaroslav Halak with a rebound.
2:41 of 1st period - Slapshot by Branislav Mezei.
2:41 of 1st period - Shot Misses the Net.
2:43 of 1st period - Slapshot by Branislav Mezei.
2:43 of 1st period - Stopped by Jaroslav Halak without a rebound.
2:44 of 1st period - David Legwand wins face-off versus Daymond Langkow in Blue Jackets zone.
2:45 of 1st period - Snap shot by Cory Stillman.
2:45 of 1st period - Deflect By David Legwand.
2:45 of 1st period - Stopped by Jaroslav Halak without a rebound.
2:46 of 1st period - Daymond Langkow wins face-off versus David Legwand in Blue Jackets zone.
2:46 of 1st period - Daymond Langkow is hit by David Legwand.
2:58 of 1st period - Snap shot by Glen Murray.
2:58 of 1st period - Shot Misses the Net.
3:38 of 1st period - Slapshot by Johnny Oduya.
3:38 of 1st period - Shot Blocked by Trevor Daley.
3:58 of 1st period - Wrist shot by Michael Frolik.
3:58 of 1st period - Shot Blocked by Branislav Mezei.
4:12 of 1st period - Jamal Mayers is hit by David Legwand and loses puck.
4:18 of 1st period - Shaone Morrisonn is hit by David Legwand and loses puck.
5:06 of 1st period - Snap shot by Cory Stillman.
5:06 of 1st period - Shot Blocked by Shaone Morrisonn.
5:18 of 1st period - Snap shot by Andrew Ebbett.
5:18 of 1st period - Shot Blocked by Brendan Bell.
5:52 of 1st period - Ales Kotalik is hit by Evgeny Artyukhin and loses puck.
6:01 of 1st period - Ales Kotalik is hit by Marcus Nilson and loses puck.
6:12 of 1st period - Slapshot by Marcus Nilson.
6:12 of 1st period - Deflect By Evgeny Artyukhin.
6:12 of 1st period - Stopped by Jaroslav Halak with a rebound.
6:14 of 1st period - Snap shot by Johnny Oduya.
6:14 of 1st period - Stopped by Jaroslav Halak with a rebound.
6:25 of 1st period - Off-side.
6:26 of 1st period - David Legwand wins face-off versus Daymond Langkow in neutral zone.
6:29 of 1st period - Mathieu Schneider is hit by Daymond Langkow and loses puck.
6:36 of 1st period - Slapshot by David Booth.
6:36 of 1st period - Stopped by Miika Kiprusoff without a rebound.
6:37 of 1st period - Mike Modano wins face-off versus Daymond Langkow in Stars zone.
6:48 of 1st period - Snap shot by Glen Murray.
6:48 of 1st period - Shot Blocked by Mike Modano.
7:02 of 1st period - Randy Jones is hit by Kristian Huselius and loses puck.
7:08 of 1st period - Minor Penalty to Andrew Ebbett for Holding.
7:09 of 1st period - Glen Murray wins face-off versus David Legwand in Blue Jackets zone.
8:51 of 1st period - David Booth is hit by Brendan Bell and loses puck.
9:08 of 1st period - Penalty to Andrew Ebbett is over, Andrew Ebbett is back on ice.
10:13 of 1st period - Wrist shot by Jamal Mayers.
10:13 of 1st period - Stopped by Miika Kiprusoff without a rebound.
10:14 of 1st period - Mike Modano wins face-off versus Daymond Langkow in Stars zone.
10:59 of 1st period - Marek Zidlicky is hit by Marcus Nilson and loses puck.
12:21 of 1st period - Alexei Kovalev is hit by Daymond Langkow and loses puck.
12:36 of 1st period - Slapshot by Daymond Langkow.
12:36 of 1st period - Goal by Daymond Langkow - Blue Jackets : 1 - Stars : 0.
12:37 of 1st period - David Legwand wins face-off versus Glen Murray in neutral zone.
12:40 of 1st period - Snap shot by Cory Stillman.
12:40 of 1st period - Shot Misses the Net.
12:50 of 1st period - Snap shot by David Booth.
12:50 of 1st period - Shot Misses the Net.
12:52 of 1st period - Wrist shot by Daymond Langkow.
12:52 of 1st period - Shot Blocked by Filip Novak.
13:09 of 1st period - Snap shot by David Legwand.
13:09 of 1st period - Stopped by Jaroslav Halak with a rebound.
13:11 of 1st period - Slapshot by Nathan Horton.
13:11 of 1st period - Stopped by Jaroslav Halak with a rebound.
13:13 of 1st period - Wrist shot by Cory Stillman.
13:13 of 1st period - Shot Blocked by Ales Kotalik.
13:15 of 1st period - Slapshot by Mathieu Schneider.
13:15 of 1st period - Deflect By David Legwand.
13:15 of 1st period - Stopped by Jaroslav Halak without a rebound.
13:16 of 1st period - Daymond Langkow wins face-off versus Mike Modano in Blue Jackets zone.
13:27 of 1st period - Wrist shot by Daymond Langkow.
13:27 of 1st period - Stopped by Miika Kiprusoff without a rebound.
13:28 of 1st period - Mike Modano wins face-off versus Daymond Langkow in Stars zone.
13:35 of 1st period - Slapshot by Mike Modano.
13:35 of 1st period - Shot Misses the Net.
13:37 of 1st period - Slapshot by Johnny Oduya.
13:37 of 1st period - Stopped by Jaroslav Halak without a rebound.
13:38 of 1st period - Daymond Langkow wins face-off versus Mike Modano in Blue Jackets zone.
14:05 of 1st period - Slapshot by Patrik Elias.
14:05 of 1st period - Shot Misses the Net.
14:07 of 1st period - Slapshot by Johnny Oduya.
14:07 of 1st period - Stopped by Jaroslav Halak with a rebound.
14:09 of 1st period - Slapshot by Mathieu Schneider.
14:09 of 1st period - Shot Blocked by Glen Murray.
14:11 of 1st period - Slapshot by Johnny Oduya.
14:11 of 1st period - Deflect By Alexei Kovalev.
14:11 of 1st period - Stopped by Jaroslav Halak with a rebound.
14:13 of 1st period - Snap shot by Alexei Kovalev.
14:13 of 1st period - Goal by Alexei Kovalev - Blue Jackets : 1 - Stars : 1.
14:14 of 1st period - David Legwand wins face-off versus Andrew Ebbett in neutral zone.
14:26 of 1st period - Slapshot by David Legwand.
14:26 of 1st period - Stopped by Jaroslav Halak without a rebound.
14:27 of 1st period - Daymond Langkow wins face-off versus David Legwand in Blue Jackets zone.
14:32 of 1st period - Nathan Horton is hit by David Booth and loses puck.
14:53 of 1st period - Andrew Ebbett is hit by Patrik Elias and loses puck.
15:18 of 1st period - Slapshot by Ladislav Nagy.
15:18 of 1st period - Stopped by Miika Kiprusoff with a rebound.
15:31 of 1st period - Minor Penalty to Branislav Mezei for Roughing.
15:31 of 1st period - Minor Penalty to Daymond Langkow for Holding Stick.
15:32 of 1st period - Patrik Elias wins face-off versus Glen Murray in Blue Jackets zone.
16:16 of 1st period - Snap shot by Marek Zidlicky.
16:16 of 1st period - Stopped by Miika Kiprusoff without a rebound.
16:17 of 1st period - David Legwand wins face-off versus Ales Kotalik in Stars zone.
16:28 of 1st period - Johnny Oduya is hit by Jamal Mayers and loses puck.
16:41 of 1st period - Ales Kotalik is hit by Mike Modano and loses puck.
16:46 of 1st period - Slapshot by Mike Modano.
16:46 of 1st period - Shot Misses the Net.
17:31 of 1st period - Penalty to Branislav Mezei is over, Branislav Mezei is back on ice.
17:31 of 1st period - Penalty to Daymond Langkow is over, Daymond Langkow is back on ice.
17:57 of 1st period - Snap shot by Steve Rucchin.
17:57 of 1st period - Shot Blocked by Daymond Langkow.
18:11 of 1st period - Slapshot by David Booth.
18:11 of 1st period - Stopped by Miika Kiprusoff without a rebound.
18:12 of 1st period - Greg Campbell wins face-off versus David Legwand in Stars zone.
18:25 of 1st period - Snap shot by Ladislav Nagy.
18:25 of 1st period - Stopped by Miika Kiprusoff without a rebound.
18:26 of 1st period - David Legwand wins face-off versus Andrew Ebbett in Stars zone.
18:37 of 1st period - Nathan Horton is hit by Andrew Ebbett and loses puck.
18:52 of 1st period - Brendan Bell is hit by Ales Kotalik and loses puck.
19:14 of 1st period - Wrist shot by Mark Parrish.
19:14 of 1st period - Stopped by Jaroslav Halak without a rebound.
19:15 of 1st period - Mike Modano wins face-off versus Daymond Langkow in Blue Jackets zone.
19:20 of 1st period - Wrist shot by Alexei Kovalev.
19:20 of 1st period - Shot Misses the Net.
19:40 of 1st period - Kristian Huselius is hit by Cory Stillman.
2nd period
0:01 of 2nd period - Mike Modano wins face-off versus Daymond Langkow in neutral zone.
0:26 of 2nd period - Branislav Mezei is hit by Kristian Huselius and loses puck.
1:03 of 2nd period - Icing by Mathieu Schneider.
1:04 of 2nd period - Marcus Nilson wins face-off versus Glen Murray in Stars zone.
1:21 of 2nd period - Icing by Mike Modano.
1:22 of 2nd period - Mike Modano wins face-off versus Daymond Langkow in Stars zone.
1:22 of 2nd period - Mike Modano is hit by Trevor Daley.
3:05 of 2nd period - Snap shot by Mark Parrish.
3:05 of 2nd period - Shot Misses the Net.
3:46 of 2nd period - Snap shot by Jan Hlavac.
3:46 of 2nd period - Stopped by Jaroslav Halak with a rebound.
3:48 of 2nd period - Snap shot by Glen Metropolit.
3:48 of 2nd period - Stopped by Jaroslav Halak with a rebound.
3:50 of 2nd period - Snap shot by Mark Parrish.
3:50 of 2nd period - Stopped by Jaroslav Halak without a rebound.
3:51 of 2nd period - Mike Modano wins face-off versus Andrew Ebbett in Blue Jackets zone.
4:00 of 2nd period - Snap shot by Kristian Huselius.
4:00 of 2nd period - Stopped by Miika Kiprusoff without a rebound.
4:01 of 2nd period - Mike Modano wins face-off versus Andrew Ebbett in Stars zone.
4:08 of 2nd period - Snap shot by Mike Modano.
4:08 of 2nd period - Stopped by Jaroslav Halak without a rebound.
4:09 of 2nd period - Mike Modano wins face-off versus Andrew Ebbett in Blue Jackets zone.
5:18 of 2nd period - Snap shot by Alexei Kovalev.
5:18 of 2nd period - Shot Blocked by Kevin Bieksa.
5:24 of 2nd period - Snap shot by Alexei Kovalev.
5:24 of 2nd period - Stopped by Jaroslav Halak with a rebound.
7:02 of 2nd period - Branislav Mezei is hit by Trevor Daley and loses puck.
7:17 of 2nd period - Wade Redden is hit by Filip Novak and loses puck.
7:38 of 2nd period - Cory Stillman is hit by Marek Zidlicky and loses puck.
8:58 of 2nd period - Snap shot by Michael Frolik.
8:58 of 2nd period - Shot Blocked by Mathieu Schneider.
9:00 of 2nd period - Snap shot by Andrew Ebbett.
9:00 of 2nd period - Shot Misses the Net.
9:19 of 2nd period - Slapshot by Marcus Nilson.
9:19 of 2nd period - Deflect By Evgeny Artyukhin.
9:19 of 2nd period - Shot Blocked by Brad Stuart.
9:19 of 2nd period - Puck is out of play.
9:20 of 2nd period - Mike Modano wins face-off versus Daymond Langkow in Blue Jackets zone.
9:33 of 2nd period - Wrist shot by Mike Modano.
9:33 of 2nd period - Stopped by Jaroslav Halak without a rebound.
9:34 of 2nd period - Daymond Langkow wins face-off versus David Legwand in Blue Jackets zone.
9:39 of 2nd period - Nathan Horton is hit by Daymond Langkow and loses puck.
9:46 of 2nd period - Wrist shot by Glen Murray.
9:46 of 2nd period - Stopped by Miika Kiprusoff without a rebound.
9:47 of 2nd period - Mike Modano wins face-off versus Daymond Langkow in Stars zone.
9:47 of 2nd period - Mike Modano is hit by Glen Murray.
10:12 of 2nd period - Wade Redden is hit by David Legwand and loses puck.
10:35 of 2nd period - Snap shot by Kristian Huselius.
10:35 of 2nd period - Stopped by Miika Kiprusoff without a rebound.
10:36 of 2nd period - Greg Campbell wins face-off versus Steve Rucchin in Stars zone.
10:39 of 2nd period - Slapshot by Greg Campbell.
10:39 of 2nd period - Stopped by Miika Kiprusoff without a rebound.
10:40 of 2nd period - Mike Modano wins face-off versus Greg Campbell in Stars zone.
10:53 of 2nd period - Snap shot by Greg Campbell.
10:53 of 2nd period - Stopped by Miika Kiprusoff without a rebound.
10:54 of 2nd period - Daymond Langkow wins face-off versus Nathan Horton in Stars zone.
10:55 of 2nd period - Snap shot by David Booth.
10:55 of 2nd period - Shot Misses the Net.
10:59 of 2nd period - Wrist shot by David Booth.
10:59 of 2nd period - Stopped by Miika Kiprusoff with a rebound.
11:01 of 2nd period - Snap shot by Marek Zidlicky.
11:01 of 2nd period - Deflect By David Booth.
11:01 of 2nd period - Stopped by Miika Kiprusoff with a rebound.
11:05 of 2nd period - Wrist shot by David Booth.
11:05 of 2nd period - Shot Blocked by Johnny Oduya.
11:07 of 2nd period - Slapshot by Glen Murray.
11:07 of 2nd period - Stopped by Miika Kiprusoff with a rebound.
11:09 of 2nd period - Wrist shot by Wade Redden.
11:09 of 2nd period - Deflect By Daymond Langkow.
11:09 of 2nd period - Deflect By Nathan Horton.
11:09 of 2nd period - Goal by Daymond Langkow - Blue Jackets : 2 - Stars : 1.
11:10 of 2nd period - Mike Modano wins face-off versus Daymond Langkow in neutral zone.
12:25 of 2nd period - Snap shot by David Booth.
12:25 of 2nd period - Shot Blocked by Filip Novak.
12:27 of 2nd period - Slapshot by Derek Morris.
12:27 of 2nd period - Stopped by Miika Kiprusoff without a rebound.
12:28 of 2nd period - David Legwand wins face-off versus Andrew Ebbett in Stars zone.
12:35 of 2nd period - Wrist shot by Andrew Ebbett.
12:35 of 2nd period - Shot Misses the Net.
12:43 of 2nd period - Slapshot by Jamal Mayers.
12:43 of 2nd period - Shot Blocked by Randy Jones.
13:04 of 2nd period - Snap shot by Greg Campbell.
13:04 of 2nd period - Stopped by Miika Kiprusoff without a rebound.
13:05 of 2nd period - Alexei Kovalev wins face-off versus Daymond Langkow in Stars zone.
13:12 of 2nd period - Wrist shot by Alexei Kovalev.
13:12 of 2nd period - Stopped by Jaroslav Halak with a rebound.
13:14 of 2nd period - Snap shot by Patrik Elias.
13:14 of 2nd period - Shot Blocked by Glen Murray.
13:16 of 2nd period - Snap shot by Mike Modano.
13:16 of 2nd period - Goal by Mike Modano - Blue Jackets : 2 - Stars : 2.
13:17 of 2nd period - Mike Modano wins face-off versus Daymond Langkow in neutral zone.
13:44 of 2nd period - Andrew Ebbett is hit by David Legwand.
13:52 of 2nd period - Snap shot by Cory Stillman.
13:52 of 2nd period - Stopped by Jaroslav Halak without a rebound.
13:53 of 2nd period - Daymond Langkow wins face-off versus David Legwand in Blue Jackets zone.
14:04 of 2nd period - Minor Penalty to Daymond Langkow for Roughing.
14:05 of 2nd period - Glen Murray wins face-off versus David Legwand in Blue Jackets zone.
14:10 of 2nd period - Johnny Oduya is hit by Glen Murray and loses puck.
14:31 of 2nd period - Marek Zidlicky is hit by Johnny Oduya and loses puck.
16:04 of 2nd period - Penalty to Daymond Langkow is over, Daymond Langkow is back on ice.
16:05 of 2nd period - Brendan Bell is hit by Trevor Daley and loses puck.
16:20 of 2nd period - Wrist shot by Kristian Huselius.
16:20 of 2nd period - Shot Misses the Net.
16:22 of 2nd period - Snap shot by Andrew Ebbett.
16:22 of 2nd period - Deflect By Jan Hlavac.
16:22 of 2nd period - Shot Misses the Net.
16:22 of 2nd period - Puck is out of play.
16:23 of 2nd period - Glen Metropolit wins face-off versus Greg Campbell in Stars zone.
16:38 of 2nd period - Snap shot by Greg Campbell.
16:38 of 2nd period - Stopped by Miika Kiprusoff with a rebound.
16:59 of 2nd period - Snap shot by David Legwand.
16:59 of 2nd period - Shot Blocked by Wade Redden.
17:01 of 2nd period - Slapshot by Randy Jones.
17:01 of 2nd period - Shot Misses the Net.
17:25 of 2nd period - Slapshot by Mathieu Schneider.
17:25 of 2nd period - Stopped by Jaroslav Halak without a rebound.
17:26 of 2nd period - Mike Modano wins face-off versus Greg Campbell in Blue Jackets zone.
17:34 of 2nd period - Off-side.
17:35 of 2nd period - Greg Campbell wins face-off versus Mike Modano in neutral zone.
18:16 of 2nd period - Wrist shot by Patrik Elias.
18:16 of 2nd period - Stopped by Jaroslav Halak without a rebound.
18:17 of 2nd period - Daymond Langkow wins face-off versus David Legwand in Blue Jackets zone.
18:41 of 2nd period - Minor Penalty to Glen Murray for Interference.
18:42 of 2nd period - David Legwand wins face-off versus Ladislav Nagy in Blue Jackets zone.
18:59 of 2nd period - Marek Zidlicky is hit by Mathieu Schneider and loses puck.
3rd period
0:01 of 3rd period - David Legwand wins face-off versus Ladislav Nagy in neutral zone.
0:08 of 3rd period - Slapshot by Johnny Oduya.
0:08 of 3rd period - Shot Misses the Net.
0:10 of 3rd period - Slapshot by Mathieu Schneider.
0:10 of 3rd period - Deflect By Wade Redden.
0:10 of 3rd period - Stopped by Jaroslav Halak with a rebound.
0:12 of 3rd period - Slapshot by Nathan Horton.
0:12 of 3rd period - Shot Misses the Net.
0:28 of 3rd period - Snap shot by Mike Modano.
0:28 of 3rd period - Goal by Mike Modano - Blue Jackets : 2 - Stars : 3.
0:29 of 3rd period - David Booth wins face-off versus Mike Modano in neutral zone.
0:54 of 3rd period - Cory Stillman is hit by Marek Zidlicky and loses puck.
1:12 of 3rd period - Minor Penalty to Greg Campbell for Slashing.
1:13 of 3rd period - David Legwand wins face-off versus Glen Murray in Blue Jackets zone.
3:12 of 3rd period - Penalty to Greg Campbell is over, Greg Campbell is back on ice.
3:20 of 3rd period - Snap shot by Ladislav Nagy.
3:20 of 3rd period - Stopped by Miika Kiprusoff with a rebound.
4:42 of 3rd period - Randy Jones is hit by Trevor Daley and loses puck.
5:29 of 3rd period - Shaone Morrisonn is hit by Steve Rucchin and loses puck.
6:27 of 3rd period - Glen Murray is hit by Steve Rucchin.
6:42 of 3rd period - Wade Redden is hit by Nathan Horton and loses puck.
6:57 of 3rd period - Derek Morris is hit by Mike Modano.
7:03 of 3rd period - Wrist shot by Mike Modano.
7:03 of 3rd period - Stopped by Jaroslav Halak without a rebound.
7:04 of 3rd period - Greg Campbell wins face-off versus Mike Modano in Blue Jackets zone.
7:34 of 3rd period - Snap shot by Daymond Langkow.
7:34 of 3rd period - Stopped by Miika Kiprusoff with a rebound.
8:29 of 3rd period - Slapshot by Patrik Elias.
8:29 of 3rd period - Stopped by Jaroslav Halak without a rebound.
8:30 of 3rd period - Greg Campbell wins face-off versus Mike Modano in Blue Jackets zone.
8:35 of 3rd period - Wrist shot by Ales Kotalik.
8:35 of 3rd period - Shot Misses the Net.
9:03 of 3rd period - Slapshot by Marek Zidlicky.
9:03 of 3rd period - Shot Blocked by Alexei Kovalev.
10:08 of 3rd period - Snap shot by Jan Hlavac.
10:08 of 3rd period - Stopped by Jaroslav Halak without a rebound.
10:09 of 3rd period - Cory Stillman wins face-off versus Greg Campbell in Blue Jackets zone.
10:57 of 3rd period - Marek Zidlicky is hit by Patrik Elias and loses puck.
11:16 of 3rd period - Wade Redden is hit by Mark Parrish and loses puck.
11:43 of 3rd period - Off-side.
11:44 of 3rd period - Daymond Langkow wins face-off versus David Legwand in neutral zone.
11:53 of 3rd period - Wrist shot by Daymond Langkow.
11:53 of 3rd period - Shot Blocked by Randy Jones.
12:10 of 3rd period - Kristian Huselius is hit by Randy Jones and loses puck.
12:27 of 3rd period - Slapshot by Derek Morris.
12:27 of 3rd period - Stopped by Miika Kiprusoff without a rebound.
12:28 of 3rd period - Greg Campbell wins face-off versus Steve Rucchin in Stars zone.
12:31 of 3rd period - Snap shot by Ales Kotalik.
12:31 of 3rd period - Shot Misses the Net.
12:37 of 3rd period - Backhand shot by Ladislav Nagy.
12:37 of 3rd period - Shot Blocked by Steve Rucchin.
13:03 of 3rd period - Johnny Oduya is hit by David Booth and loses puck.
13:23 of 3rd period - Slapshot by Mike Modano.
13:23 of 3rd period - Stopped by Jaroslav Halak with a rebound.
13:25 of 3rd period - Wrist shot by Johnny Oduya.
13:25 of 3rd period - Stopped by Jaroslav Halak with a rebound.
13:27 of 3rd period - Wrist shot by Mike Modano.
13:27 of 3rd period - Shot Misses the Net.
13:46 of 3rd period - Slapshot by Jan Hlavac.
13:46 of 3rd period - Goal by Jan Hlavac - Blue Jackets : 2 - Stars : 4.
13:47 of 3rd period - David Legwand wins face-off versus Daymond Langkow in neutral zone.
13:50 of 3rd period - Slapshot by Mathieu Schneider.
13:50 of 3rd period - Stopped by Jaroslav Halak with a rebound.
15:06 of 3rd period - Wade Redden is hit by Glen Metropolit and loses puck.
15:37 of 3rd period - Wrist shot by David Booth.
15:37 of 3rd period - Stopped by Miika Kiprusoff with a rebound.
15:55 of 3rd period - Wrist shot by Evgeny Artyukhin.
15:55 of 3rd period - Shot Misses the Net.
16:12 of 3rd period - Kevin Bieksa is hit by Patrik Elias and loses puck.
16:21 of 3rd period - Mike Modano is hit by Kristian Huselius and loses puck.
17:46 of 3rd period - Mike Modano is hit by Ladislav Nagy.
18:00 of 3rd period - Andrew Ebbett is hit by Cory Stillman and loses puck.
18:37 of 3rd period - Ladislav Nagy is hit by Branislav Mezei.
Output by the SimonT Hockey Simulator (STHS) for François Prévost -- Original Page W3C XHTML 1.0 Valid